 Dungeon Crawl Stone Soup version 0.26.1-11-gd32895ea62 (webtiles) character file.

Game seed: 3092489690212067613

1801 promet the Thaumaturge (level 8, -16/46 HPs)
             Began as a Deep Elf Venom Mage on June 10, 2021.
             Was a Follower of Dithmenos.
             Demolished by an orc warrior
             ... wielding a +0 hand axe
              (20 damage)
             ... on level 6 of the Dungeon on June 11, 2021.
             The game lasted 01:32:19 (11282 turns).

promet the Thaumaturge (Deep Elf Venom Mage)       Turns: 11282, Time: 01:32:19

Health: -16/46     AC:  4    Str:  5    XL:     8   Next: 83%
Magic:  12/24      EV: 14    Int: 21    God:    Dithmenos [*.....]
Gold:   369        SH:  0    Dex: 15    Spells: 5/24 levels left

rFire    + . .     SeeInvis .   a - +2 dagger (speed)
rCold    + . .     Faith    .   (no shield)
rNeg     . . .     Spirit   .   g - +2 robe
rPois    .         Reflect  .   (no helmet)
rElec    .         Harm     .   (no cloak)
rCorr    .         Rampage  .   (no gloves)
Will     .....                  (no boots)
Stlth    +++.......             (no amulet)
HPRegen  0.15/turn              s - ring of protection from fire
MPRegen  0.19/turn              l - ring of protection from cold

@: about to teleport, wreathed by umbra
A: high mp 1, weak 1
a: Renounce Religion


You were on level 6 of the Dungeon.
You worshipped Dithmenos.
Dithmenos was aware of your devotion.
You visited 1 branch of the dungeon, and saw 6 of its levels.

You collected 369 gold pieces.

Inventory:

Hand Weapons
 a - a +2 dagger of speed (weapon)
 b - a +0 hunting sling
 f - a +0 short sword
 p - a +0 long sword
 u - a +5 battleaxe
 v - a +0 rapier
Missiles
 c - 35 arrows
 d - 55 bolts
 e - 128 stones (quivered)
 k - 28 sling bullets
Armour
 g - a +2 robe (worn)
 A - cursed +0 acid dragon scales
Magical Staves
 y - an uncursed staff of death
Jewellery
 l - a ring of protection from cold (right hand)
 s - a ring of protection from fire (left hand)
 z - an uncursed ring of positive energy {unknown}
Wands
 j - a wand of enslavement (6)
 o - a wand of disintegration (30)
Scrolls
 n - 2 scrolls of remove curse
 r - 2 scrolls of fog
Potions
 h - a potion of cancellation
 i - a potion of might
 q - a potion of curing
 t - a potion of flight
 w - a potion of brilliance {unknown}
 x - a potion of haste {unknown}


   Skills:
 + Level 3.1 Fighting
 + Level 1.0 Short Blades
 * Level 2.0 Axes
 + Level 0.2(0.3) Slings
 + Level 0.1(0.3) Throwing
 + Level 3.7 Dodging
 + Level 3.2 Stealth
 + Level 8.7 Spellcasting
 + Level 0.2 Conjurations
 + Level 4.6 Summonings
 + Level 2.9 Transmutations
 + Level 1.0 Fire Magic
 + Level 2.4 Air Magic
 + Level 5.7 Poison Magic


You had 5 spell levels left.
You knew the following spells:

 Your Spells              Type           Power        Failure   Level
a - Sting                 Tmut/Pois      100%         1%          1
b - Poisonous Vapours     Pois/Air       52%          2%          2
c - Summon Small Mammal   Summ           100%         1%          1
d - Ignite Poison         Fire/Tmut/Pois 22%          6%          3
e - Call Imp              Summ           28%          1%          2
f - Mephitic Cloud        Conj/Pois/Air  20%          7%          3
g - Olgreb's Toxic Radia  Pois           33%          7%          4
h - Call Canine Familiar  Summ           28%          3%          3

Your spell library contained the following spells:

 Spells                   Type           Power        Failure   Level
 Summon Guardian Golem    Hex/Summ       18%          9%          3
 Summon Lightning Spire   Summ/Air       24%          17%         4
 Summon Ice Beast         Ice/Summ       18%          28%         4


Dungeon Overview and Level Annotations

Branches:
Dungeon (6/15)             Temple (0/1) D:4

Altars:
Cheibriados
Dithmenos
Elyvilon
Makhleb
Nemelex Xobeh
Qazlal
Vehumet
Yredelemnul


Innate Abilities, Weirdness & Mutations

You have an increased reservoir of magic. (+10% MP)
You are weak. (Str -2)


Message History

Your hands tingle!
a - a +2 dagger of speed (weapon)
Your shadow imp gestures at the orc.
The orc writhes in agony!
The orc dies!
Dithmenos accepts your kill.
You barely miss the orc warrior.
The orc warrior is severely wounded.
Your shadow imp hits the hound skeleton.
The hound skeleton bites you but does no damage.
The orc warrior hits you with a +0 hand axe!!
As you read the scroll of teleportation, it crumbles to dust.
You feel strangely unstable. The hound skeleton misses you.
Your shadow imp closely misses the hound skeleton.
The orc warrior hits you with a +0 hand axe!
* * * LOW HITPOINT WARNING * * *
The hound skeleton bites you.
* * * LOW HITPOINT WARNING * * *
The orc warrior hits you with a +0 hand axe!!
You die...

#................##
#................#.
#................#.
#####................#.
#......######....##+##.
#......# #....#.....
#......# #....#.....
#......# #....#.....
#####.....@#### #....######
.........oZ#..#####.....#
........5.5#......#.....#
.......)o..#......#.....#
...........#......+.....#
..........[########..<..#
#.....(######.....##+#....#
#...... +.....#..#....#
#......#....#.....#..#....#


You could see an orc warrior, an orc priest, a hound skeleton and 2 friendly
shadow imps.

Vanquished Creatures
  Prince Ribbit (D:6)
  2 ogres
  A bullfrog (D:6)
  A wight (D:6)
  3 hounds
  An orc priest (D:4)
  3 orc wizards
  A bullfrog skeleton (D:4)
  2 iguanas (D:4)
  2 worker ants
  7 gnolls
  13 adders
  An ufetubus (D:5)
  An ooze (D:2)
  An adder skeleton (D:4)
  A worm (D:2)
  11 orcs
  6 ball pythons
  8 bats
  5 giant cockroaches
  13 goblins
  10 hobgoblins
  8 jackals
  8 quokkas
  7 frilled lizards
  7 kobolds
  A rat (D:4)
  A toadstool (D:1)
126 creatures vanquished.

Vanquished Creatures (collateral kills)
  Maggie (D:6)
  Duvessa (D:6)
  An ice beast (D:5)
  A black bear (D:6)
  A phantom (D:5)
  Dowan (D:6)
  4 wights (D:6)
  A centaur zombie (D:6)
  A centaur skeleton (D:5)
  A hound skeleton (D:6)
  A mummy (D:6)
  A gnoll (D:4)
  An adder (D:6)
  A white imp (D:5)
  2 orcs
  2 leopard gecko skeletons
  A quokka skeleton (D:6)
22 creatures vanquished.

Vanquished Creatures (others)
  A shadow imp (D:6)
  3 toadstools (D:1)
4 creatures vanquished.

Grand Total: 152 creatures vanquished

Notes
Turn   | Place    | Note
-------+----------+-------------------------------------------
     0 | D:1      | promet the Deep Elf Venom Mage began the quest for the Orb.
     0 | D:1      | Reached XP level 1. HP: 10/10 MP: 6/6
   448 | D:1      | Reached XP level 2. HP: 15/15 MP: 6/8
   451 | D:1      | Learned a level 2 spell: Poisonous Vapours
  1158 | D:1      | Reached XP level 3. HP: 4/20 MP: 7/10
  1869 | D:2      | Reached XP level 4. HP: 19/24 MP: 2/11
  2381 | D:2      | Reached skill level 4 in Spellcasting
  2886 | D:3      | Reached skill level 1 in Fighting
  3132 | D:3      | Found a shadowy altar of Dithmenos.
  3302 | D:3      | Reached XP level 5. HP: 27/29 MP: 8/13
  3723 | D:3      | Found a basalt altar of Yredelemnul.
  3864 | D:3      | Reached skill level 1 in Air Magic
  3992 | D:3      | Gained mutation: You are weak. (Str -2) [potion of
                  | mutation]
  3992 | D:3      | Gained mutation: You have an increased reservoir of magic.
                  | (+10% MP) [potion of mutation]
  4040 | D:3      | Found a radiant altar of Vehumet.
  4450 | D:3      | Learned a level 1 spell: Summon Small Mammal
  4609 | D:3      | Became a worshipper of Dithmenos the Shadowed
  4730 | D:4      | Found a staircase to the Ecumenical Temple.
  4761 | D:4      | Found a glowing drain.
  5225 | D:4      | Noticed an ogre
  5261 | D:4      | Killed an ogre
  5262 | D:4      | Reached skill level 5 in Spellcasting
  5262 | D:4      | Reached skill level 1 in Summonings
  5262 | D:4      | Reached XP level 6. HP: 28/34 MP: 10/16
  6160 | D:4      | HP: 1/35 [phantom (9)]
  6649 | D:4      | Reached XP level 7. HP: 39/39 MP: 15/19
  6778 | D:4      | Reached skill level 5 in Poison Magic
  6932 | D:5      | Entered Level 5 of the Dungeon
  6976 | D:5      | Reached * piety under Dithmenos
  7121 | D:5      | Found a stormy altar of Qazlal.
  7160 | D:5      | Reached skill level 6 in Spellcasting
  7273 | D:5      | Learned a level 3 spell: Ignite Poison
  7276 | D:5      | Learned a level 2 spell: Call Imp
  7277 | D:5      | Found a sparkling altar of Nemelex Xobeh.
  8269 | D:5      | Learned a level 3 spell: Mephitic Cloud
  9502 | D:6      | Reached skill level 7 in Spellcasting
  9502 | D:6      | Reached XP level 8. HP: 42/45 MP: 9/22
  9787 | D:6      | Noticed Dowan
  9788 | D:6      | Noticed Duvessa
  9792 | D:6      | Killed Dowan
  9806 | D:6      | Killed Duvessa
  9948 | D:6      | Found a snail-covered altar of Cheibriados.
 10198 | D:6      | Noticed Prince Ribbit
 10204 | D:6      | Killed Prince Ribbit
 10205 | D:6      | Reached skill level 1 in Short Blades
 10205 | D:6      | Reached skill level 1 in Axes
 10735 | D:6      | Reached skill level 8 in Spellcasting
 10868 | D:6      | Learned a level 4 spell: Olgreb's Toxic Radiance
 10872 | D:6      | Learned a level 3 spell: Call Canine Familiar
 10914 | D:6      | Noticed Maggie
 10945 | D:6      | Killed Maggie
 10946 | D:6      | Reached skill level 1 in Fire Magic
 11126 | D:6      | Found a white marble altar of Elyvilon.
 11126 | D:6      | Found a burning altar of Makhleb.
 11282 | D:6      | Demolished by an orc warrior

Illustrated notes

Levels and vault maps discovered:
D:1:      ldierk_water_garden, layout_basic, serial_aquarium,
          aquarium_bridge_square [aquarium_subvault_wall,
          aquarium_subvault_wall, aquarium_subvault_bridge,
          aquarium_subvault_bridge], aquarium_bridge_square
          [aquarium_subvault_wall, aquarium_subvault_bridge,
          aquarium_subvault_window, aquarium_subvault_wall],
          aquarium_window_fake, aquarium_window_2, aquarium_window_1,
          aquarium_view_2d, aquarium_balcony_3a, aquarium_pool_2
D:2:      layout_loops_cross, minmay_misc_feat_tiny
D:3:      layout_basic, yredelemnul_forgotten_temple_becter,
          overflow_temple_1_default, nicolae_dithmenos_through_a_glass_darkly
D:4:      layout_loops_corners, minmay_temple_entry_statues_fountains,
          chequers_ossuary_entry_cave, portal_sewer_entry_b
D:5:      layout_layer_cave, lemuel_round_altar, basic_altar
D:6:      layout_gridville, slow_altar_1, gammafunk_temple_overflow_pools,
          uniq_duvessa, uniq_prince_ribbit1, uniq_maggie

Skill      XL: |  1  2  3  4  5  6  7  8 |
---------------+-------------------------+-----
Transmutations | 2 |  2.9
Poison Magic   | 4 5 |  5.7
Dodging        | 3 |  3.7
Stealth        | 3 |  3.2
Spellcasting   | 4 5 7 8 |  8.7
Fighting       | 1 2 3 |  3.1
Air Magic      | 1 2 |  2.4
Summonings     | 1 3 4 |  4.6
Short Blades   | 1 |  1.0
Axes           | 2 |  2.0
Fire Magic     | 1 |  1.0
Slings         | |  0.2
Throwing       | |  0.1
Conjurations   | |  0.2

Action                   |  1- 3 |  4- 6 |  7- 9 || total
-------------------------+-------+-------+-------++-------
Melee: Short sword       |    16 |    44 |    20 ||    80
       Unarmed           |     2 |       |       ||     2
       Dagger            |       |    64 |    16 ||    80
       Long sword        |       |       |     1 ||     1
       Battleaxe         |       |       |     8 ||     8
       Rapier            |       |       |     4 ||     4
 Fire: Hunting sling     |       |       |     9 ||     9
Throw: Stone             |     6 |     9 |     2 ||    17
 Cast: Sting             |    49 |    49 |     6 ||   104
       Poisonous Vapours |     1 |    57 |    37 ||    95
       Summon Small Mamm |       |    32 |    26 ||    58
       Call Imp          |       |       |    72 ||    72
       Ignite Poison     |       |       |    15 ||    15
       Mephitic Cloud    |       |       |     4 ||     4
       Call Canine Famil |       |       |     1 ||     1
  Use: Scroll            |     2 |     6 |     7 ||    15
       Potion            |       |     7 |     1 ||     8
 Stab: Sleeping          |     2 |     1 |       ||     3
       Invisible         |       |     1 |       ||     1
Armor: Robe              |     7 |    35 |     7 ||    49
Dodge: Dodged            |    39 |    87 |    52 ||   178
